 Dungeon Crawl Stone Soup version 0.17.2-1-ge4368a0 (webtiles) character file.

60 Goblin1989 the Cudgeler (level 4, -4/23 HPs)
             Began as a Vine Stalker Fighter on July 25, 2016.
             Killed from afar by Natasha (9 damage)
             ... with a wand of flame
             ... on level 2 of the Dungeon.
             The game lasted 00:01:29 (709 turns).

Goblin1989 the Cudgeler (Vine Stalker Fighter)       Turns: 709, Time: 00:01:29

Health: -4/23      AC:  8    Str: 19    XL:     4   Next: 6%
Magic:  0/5        EV:  4    Int:  8    God:
Gold:   49         SH:  9    Dex: 14    Spells: 0 memorised, 3 levels left

rFire  . . .     SeeInvis .     a - +0 flail
rCold  . . .     Clarity  .     i - +0 chain mail
rNeg   . . .     SustAt   .     c - +0 shield
rPois  .         Gourm    .     (no helmet)
rElec  .         Spirit   +     (no cloak)
rCorr  .         Warding  .     (no gloves)
rMut   .         Stasis   .     (no boots)
MR     .....                    (no amulet)
Stlth  ..........               (no ring)
                                (no ring)

@: not resistant to hostile enchantments, extremely unstealthy
A: fangs 2, regeneration 1, magic shield, antimagic bite, no device heal 3, rot
immunity
a: no special abilities


You were on level 2 of the Dungeon.
You were not hungry.

You visited 1 branch of the dungeon, and saw 2 of its levels.

You collected 49 gold pieces.

Inventory:

Hand Weapons
 a - a +0 flail (weapon)
Armour
 c - a +0 shield (worn)
 i - a +0 chain mail (worn)
Jewellery
 k - a cursed ring of loudness {unknown}
Scrolls
 g - a scroll of recharging {unknown}
 h - 2 scrolls of random uselessness {unknown}
Potions
 b - a potion of heal wounds {unknown}
 d - a potion of might
 j - 2 potions of ambrosia {unknown}
Comestibles
 e - a bread ration
 f - a meat ration


   Skills:
 - Level 2.6 Fighting
 + Level 3.8 Maces & Flails
 - Level 2.4 Armour
 - Level 2.6 Shields


You had 3 spell levels left.
You didn't know any spells.

Dungeon Overview and Level Annotations

Branches:
Dungeon (2/15)

Altars:

Annotations:
D:2 Natasha


Innate Abilities, Weirdness & Mutations

You have extremely sharp teeth.
Your natural rate of healing is unusually fast.
When hurt, damage is shared between your health and your magic reserves.
Your bite disrupts and absorbs the magic of your enemies.
Potions and wands cannot restore your health.
You are immune to rotting.


Message History

You bite Natasha, but do no damage. Natasha claws you.
Natasha casts a spell.
You take 1 damage, and have 9/23 hp.
You closely miss Natasha.
Natasha mumbles some strange words.
The crimson imp blinks!
Your shield and chain mail prevent you from hitting Natasha.
You bite Natasha, but do no damage. Natasha claws you.
You hit Natasha.
Natasha is severely wounded.
Natasha claws you but does no damage.
The shadow imp hits you but does no damage.
Natasha zaps a wand.
The puff of flame hits you!
* * * LOW HITPOINT WARNING * * *
You take 5 damage, and have 4/23 hp.
MASSIVE DAMAGE!!
Your shield prevents you from hitting Natasha.
Natasha is severely wounded.
The shadow imp barely misses you.
Natasha zaps a wand.
The puff of flame hits you!
You die...

#...# #...# ##....
#.....##### ##.
.####...##... ....
........#..###..##
#......#.5.......
###.####...@h.......#.
......)...#..5........
..######.##.........###
#.##............
####............
##.........#
#......†...#
##......>..#
#.#.#.###.#


You could see Natasha, a crimson imp and a shadow imp.

Vanquished Creatures
  Natasha (twice) (D:2)
  An ooze (D:1)
  A giant gecko (D:1)
  A ball python (D:1)
  4 hobgoblins
  A quokka (D:2)
  4 bats (D:1)
  2 giant cockroaches (D:1)
  A giant newt (D:1)
  4 goblins
  A kobold (D:1)
  3 rats
25 creatures vanquished.

Notes
Turn   | Place    | Note
--------------------------------------------------------------
     0 | D:1      | Goblin1989 the Vine Stalker Fighter began the quest for the Orb.
     0 | D:1      | Reached XP level 1. HP: 11/11 MP: 2/2
   153 | D:1      | Reached XP level 2. HP: 11/16 MP: 3/3
   335 | D:1      | Reached skill level 3 in Maces & Flails
   499 | D:2      | Noticed Natasha
   504 | D:2      | Killed Natasha
   504 | D:2      | Reached XP level 3. HP: 10/19 MP: 2/4
   603 | D:2      | Noticed Natasha
   617 | D:2      | Killed Natasha
   617 | D:2      | Reached XP level 4. HP: 1/23 MP: 0/5
   618 | D:2      | HP: 1/23 [goblin/club (1)]
   700 | D:2      | Noticed Natasha
   709 | D:2      | Killed from afar by Natasha

Action                   |  1- 3 |  4- 6 || total
-------------------------+-------+-------++-------
Melee: Flail             |    65 |    11 ||    76
